 Dungeon Crawl Stone Soup version 0.21.1-1-g345015fe64 (webtiles) character file.

508 Jannitor the Ducker (level 6, 0/30 HPs)
             Began as a Felid Fighter on May 14, 2018.
             Was an Initiate of Sif Muna.
             Slain by an orc priest
             ... wielding a +0 hand axe
              (7 damage)
             ... on level 6 of the Dungeon.
             The game lasted 00:07:46 (6261 turns).

Jannitor the Ducker (Felid Fighter)                 Turns: 6261, Time: 00:07:46

Health: 0/30       AC:  2    Str: 12    XL:     6   Next: 98%
Magic:  7/7        EV: 23    Int: 13    God:    Sif Muna [......]
Gold:   217        SH:  0    Dex: 20    Spells: 5/5 levels left
                                        Lives:  0   Deaths: 1

rFire    . . .     SeeInvis +     - Unarmed
rCold    . . .     Gourm    .   (shield unavailable)
rNeg     . . .     Faith    .   (armour unavailable)
rPois    .         Spirit   .   (helmet unavailable)
rElec    .         Reflect  .   (cloak unavailable)
rCorr    .         Harm     .   (gloves unavailable)
MR       .....                  (boots unavailable)
Stlth    +++.......             (no amulet)
HPRegen  0.10/turn              d - +2 ring of intelligence
MPRegen  0.10/turn              l - +4 ring of dexterity

@: quick
A: very small, no armour, no weapons or thrown items, stealth, claws 1, fangs 3,
see invisible, carnivore, speed 1, shaggy fur 2, slow metabolism 1, sharp paws
a: Renounce Religion


You were on level 6 of the Dungeon.
You worshipped Sif Muna.
Sif Muna was noncommittal.
You were completely stuffed.

You visited 2 branches of the dungeon, and saw 7 of its levels.

You collected 307 gold pieces.
You spent 90 gold pieces at shops.

Inventory:

Jewellery
 d - a +2 ring of intelligence (left paw)
 l - a +4 ring of dexterity (right paw)
Scrolls
 g - a scroll of amnesia
 h - 2 scrolls of identify
Potions
 e - 4 potions of curing
 i - a potion of cancellation
 j - 2 potions of flight
 k - a potion of brilliance
Books
 f - a book of Geomancy

   Spells                             Type                      Level
   a - Sandblast                      Earth                        1
   b - Passwall                       Transmutation/Earth          2
   c - Stone Arrow                    Conjuration/Earth            3
   d - Petrify                        Transmutation/Earth          4
   e - Lee's Rapid Deconstruction     Earth                        5
Comestibles
 b - 10 rations
 m - 11 chunks of flesh


   Skills:
 + Level 5.2 Fighting
 + Level 6.9 Dodging
 + Level 3.6 Stealth
 + Level 5.8 Unarmed Combat


You had 5 spell levels left.
You didn't know any spells.

Dungeon Overview and Level Annotations

Branches:
Dungeon (6/15)             Temple (1/1) D:4

Altars:
Ashenzari
Cheibriados
Dithmenos
Elyvilon
Fedhas
Gozag
Hepliaklqana
Kikubaaqudgha
Makhleb
Nemelex Xobeh
Qazlal
Ru
Sif Muna
Trog
Uskayaw
Xom
Yredelemnul
Zin
The Shining One

Annotations:
D:4 exclusion: ice beast
D:5 raetorn's ghost, novice VSFi


Innate Abilities, Weirdness & Mutations

You cannot wear armour.
You are incapable of wielding weapons or throwing items.
Your paws allow you to move quietly. (Stealth)
You have sharp claws.
You have razor-sharp teeth.
You have supernaturally acute eyesight. (SInv)
You are carnivorous and can eat meat at any time.
You cover ground quickly.
You are covered in thick fur. (AC +2)
You have a slow metabolism.
Your sharp claws are effective at attacking unaware monsters.


Message History

Beogh smites you!
* * * LOW HITPOINT WARNING * * *
The orc completely misses you.
You closely miss the orc priest.
The orc priest is almost dead.
The orc misses you.
The orc priest hits you with a hand axe.
* * * LOW HITPOINT WARNING * * *
Unknown command.
You scratch the orc priest but do no damage.
You claw the orc priest, but do no damage.
You bite the orc priest, but do no damage.
The orc priest is almost dead.
The orc barely misses you. The orc completely misses you.
Unknown command.
You scratch the orc priest but do no damage.
You bite the orc priest, but do no damage.
The orc priest is almost dead.
The orc priest hits you with a hand axe!
You die...

#.. #.# ###.##
##....## ##......##
##........##
##..........##
#....o@......###
#.....oo........###
..................###
.........?......#...#
.................##
#.......>....<....#
##................#
#................#
#...............#


You could see an orc priest and 2 orcs.

Vanquished Creatures
  A phantom (D:5)
  A centaur (D:5)
  An ogre (D:5)
  A scorpion (D:4)
  A centaur zombie (D:5)
  An orc priest (D:4)
  A jelly (D:5)
  An iguana (D:5)
  A worker ant (D:5)
  2 hound skeletons (D:4)
  9 adders
  2 worms (D:3)
  An adder skeleton (D:5)
  4 dart slugs
  6 leopard geckos
  8 orcs
  A ball python (D:3)
  8 bats
  4 giant cockroaches
  4 goblins
  6 hobgoblins
  2 jackals (D:1)
  2 quokkas
  7 frilled lizards
  2 jackal skeletons (D:4)
  6 kobolds
  15 rats
98 creatures vanquished.

Notes
Turn   | Place    | Note
-------+----------+-------------------------------------------
     0 | D:1      | Jannitor the Felid Fighter began the quest for the Orb.
     0 | D:1      | Reached XP level 1. HP: 10/10 MP: 2/2
   235 | D:1      | Reached XP level 2. HP: 14/14 MP: 3/3
   906 | D:1      | Reached XP level 3. HP: 17/17 MP: 4/4
  1314 | D:2      | Found a sacrificial altar of Ru.
  1397 | D:2      | Found a burning altar of Makhleb.
  2476 | D:3      | Found a white marble altar of Elyvilon.
  2514 | D:3      | Found a shadowy altar of Dithmenos.
  2516 | D:3      | Found a blossoming altar of Fedhas.
  2538 | D:3      | Reached skill level 5 in Dodging
  2538 | D:3      | Reached XP level 4. HP: 20/22 MP: 5/5
  3644 | D:4      | Found an ancient bone altar of Kikubaaqudgha.
  3758 | D:4      | Reached XP level 5. HP: 13/25 MP: 6/6
  4142 | D:4      | Noticed an ice beast
  4198 | D:4      | Reached skill level 5 in Unarmed Combat
  4307 | D:4      | Noticed a phantom
  4338 | D:5      | Entered Level 5 of the Dungeon
  4436 | D:5      | Noticed a phantom
  4436 | D:5      | Noticed a centaur
  4436 | D:5      | Noticed raetorn's ghost (novice VSFi)
  4812 | D:4      | Found a staircase to the Ecumenical Temple.
  4832 | Temple   | Entered the Ecumenical Temple
  4953 | Temple   | Became a worshipper of Sif Muna the Loreminder
  5037 | D:4      | Found Zin's Purification Station.
  5040 | D:4      | Found a glowing silver altar of Zin.
  5054 | D:4      | Bought a potion of curing for 90 gold pieces
  5077 | D:4      | Found a stormy altar of Qazlal.
  5273 | D:4      | Reached skill level 6 in Dodging
  5273 | D:4      | Reached skill level 1 in Stealth
  5273 | D:4      | Gained mutation: You are covered in thick fur. (AC +2) [Felid growth]
  5273 | D:4      | Reached XP level 6. HP: 20/29 MP: 7/7
  5795 | D:5      | Found an opulent altar of Gozag.
  5862 | D:5      | Slain by raetorn's ghost
  5863 | D:5      | Reached XP level 5. HP: -1/25 MP: 6/6
  6048 | D:5      | Killed a centaur
  6048 | D:5      | Reached skill level 5 in Fighting
  6048 | D:5      | Reached XP level 6. HP: 17/30 MP: 7/7
  6261 | D:6      | Slain by an orc priest

Skill      XL: |  1  2  3  4  5  6 |
---------------+-------------------+-----
Dodging        | 5 6 |  6.9
Fighting       | 4 5 |  5.2
Unarmed Combat | 5 |  5.8
Stealth        | 2 3 |  3.6

Action                   |  1- 3 |  4- 6 || total
-------------------------+-------+-------++-------
Melee: Unarmed           |    96 |   208 ||   304
       Bite              |     5 |    25 ||    30
       Punch             |     2 |     4 ||     6
  Use: Scroll            |       |    11 ||    11
       Potion            |       |     4 ||     4
 Stab: Sleeping          |    10 |     7 ||    17
       Distracted        |     1 |       ||     1
  Eat: Chunk             |     1 |    20 ||    21
Armor: Skin              |     7 |     5 ||    12
Dodge: Dodged            |    67 |   171 ||   238
